 Dungeon Crawl Stone Soup version 0.30-a0-118-ga018f8e90f (webtiles) character file.

Game seed: 11362960486452135693

3 MisterAzrael the Insei (level 1, -1/13 HPs)
             Began as an Octopode Transmuter on Sept 13, 2022.
             Slain by a goblin
             ... wielding a +1 dagger of speed
              (4 damage)
             ... on level 1 of the Dungeon.
             The game lasted 00:00:15 (132 turns).

MisterAzrael the Insei (Octopode Transmuter)         Turns: 132, Time: 00:00:15

Health: -1/13      AC:  1    Str:  9    XL:     1   Next: 50%
Magic:  2/3        EV: 13    Int: 15    God:
Gold:   0          SH:  0    Dex: 12    Spells: 3/4 levels left

rFire   . . .      SeeInvis .      - Unarmed
rCold   . . .      Faith    .    (no shield)
rNeg    . . .      Spirit   .    (helmet currently unavailable)
rPois   .          Reflect  .    (no amulet)
rElec   .          Harm     .    (no ring)
rCorr   .          Rampage  .    (no ring)
Will    .....                    (no ring)
Stlth   ++........               (no ring)
HPRegen 0.04/turn                (no ring)
MPRegen 0.08/turn                (no ring)
                                 (no ring)
                                 (no ring)

@: appendages
A: tentacle spike 3, almost no armour, amphibious, 8 rings, camouflage 1,
gelatinous body 1, (nimble swimmer 1), tentacles
a: End Transformation


You were on level 1 of the Dungeon.
One of your tentacles had grown a beastly spike.
You visited 1 branch of the dungeon, and saw 1 of its levels.

Inventory:

Potions
 a - a potion of lignification


   Skills:
 + Level 1.1 Fighting
 - Level 2.0 Dodging
 + Level 3.0 Unarmed Combat
 + Level 2.0 Spellcasting
 + Level 2.0 Transmutations


You had 3 spell levels left.
You knew the following spells:

 Your Spells              Type           Power      Damage    Failure   Level
a - Beastly Appendage     Tmut           14%        N/A       10%         1

Your spell library contained the following spells:

 Spells                   Type           Power      Damage    Failure   Level
 Wereblood                Tmut           7%         N/A       14%         2
 Spider Form              Tmut/Pois      4%         N/A       41%         3
 Ice Form                 Ice/Tmut       4%         N/A       82%         4


Dungeon Overview and Level Annotations

Branches:
Dungeon (1/15)

Altars:


Innate Abilities, Weirdness & Mutations

One of your tentacles has grown a beastly spike.
You cannot wear most types of armour.
You are amphibious.
You can wear up to eight rings at the same time.
Your skin changes colour to match your surroundings (Stealth+).
Your rubbery body absorbs attacks. (AC +1, EV +1)
((You are camouflaged when in or above water. (Stealth+)))
You have tentacles for arms and can constrict up to eight enemies at once.


Message History

You closely miss the kobold. You grab the kobold.
You constrict the kobold, but do no damage.
The kobold hits you with a +0 dagger.
You barely miss the kobold.
You pierce the kobold, but do no damage.
You squeeze the kobold, but do no damage.
You constrict the kobold, but do no damage.
You tentacle-slap the kobold but do no damage.
You constrict the kobold. The kobold closely misses you.
You tentacle-slap the kobold but do no damage.
You pierce the kobold.
You kill the kobold!
Your transformation is almost over.
No target in view!
Magic restored.
Your tentacle spike disappears.
HP restored.
Things that are here:
a +0 dagger; a kobold corpse; a dart slug corpse You open the door.
There is an open door here.
You see here 5 stones.
You open the door.
There is an open door here.
Found 5 atropa-tipped darts.
Found a stone staircase leading down.
There is a stone staircase leading down here.
A goblin comes into view. It is wielding a +1 dagger of speed.
The goblin shouts!
A quokka comes into view.
You closely miss the goblin. Your grab misses the goblin.
The goblin hits you with a +1 dagger of speed. x2
One of your tentacles grows a vicious spike.
The goblin hits you with a +1 dagger of speed.
You are too injured to fight recklessly!
You are too injured to fight recklessly!
The goblin hits you with a +1 dagger of speed.
* * * LOW HITPOINT WARNING * * *
The goblin hits you with a +1 dagger of speed.
You die...

. .. #. #. ###.###
#.....#
#.....#################
#.....@...>............
#..r.g################.
#.....# #. ......### #.
....#. #. .###.# ##. #.
#.. #. ##( ##


You could see a quokka and a goblin.

Vanquished Creatures
  A dart slug (D:1)
  A kobold (D:1)
2 creatures vanquished.

Notes
Turn   | Place    | Note
-------+----------+-------------------------------------------
     0 | D:1      | MisterAzrael the Octopode Transmuter began the quest for
                  | the Orb.
     0 | D:1      | Reached XP level 1. HP: 13/13 MP: 3/3
   132 | D:1      | Slain by a goblin

Illustrated notes

Levels and vault maps discovered:
D:1:      shiori_shiawase, layout_loops_ring, ebering_ecumenical_altar_hall,
          minmay_tall_x

Action                   || total
-------------------------++-------
Melee: Unarmed           ||     6
       Kick              ||     3
       Constrict         ||     2
       Tentacles         ||     2
 Cast: Beastly Appendage ||     2
Dodge: Dodged            ||     1

Table legend: (Time is in decaauts)
 A = Elapsed time spent in this place.
 B = Non-inter-level travel time spent in this place.
 C = Inter-level travel time spent in this place.
 D = Time resting spent in this place.
 E = Time spent auto-exploring this place.
 F = Levels seen in this place.
 G = Mean time per level.
                   A        B        C        D        E       F      G
               +--------+--------+--------+--------+--------+-----+--------+
         Total |    131 |    131 |      0 |      0 |    116 |   1 |  131.0 |
       Dungeon |    131 |    131 |      0 |      0 |    116 |   1 |  131.0 |
               +--------+--------+--------+--------+--------+-----+--------+

Top non-repeatable levels by time:
     D:1: 131 daAuts
